 Dungeon Crawl Stone Soup version 0.23.2-33-g5129a83184 (webtiles) character file.

Game seed: 17684381094810162918

145 Folque the Conjurer (level 4, -4/35 HPs)
             Began as a Demigod Conjurer on July 12, 2019.
             Killed by divine providence
             ... invoked by an orc priest
              (7 damage)
             ... on level 4 of the Dungeon.
             The game lasted 00:05:38 (2652 turns).

Folque the Conjurer (Demigod Conjurer)              Turns: 2652, Time: 00:05:38

Health: -4/35      AC:  2    Str: 11    XL:     4   Next: 78%
Magic:  2/11       EV: 12    Int: 21    God:
Gold:   212        SH:  0    Dex: 16    Spells: 3/9 levels left

rFire    . . .     SeeInvis .   n - +0 dagger (venom)
rCold    . . .     Gourm    .   (no shield)
rNeg     . . .     Faith    .   a - +0 robe
rPois    .         Spirit   .   (no helmet)
rElec    .         Reflect  .   (no cloak)
rCorr    .         Harm     .   (no gloves)
MR       .....                  (no boots)
Stlth    ++........             (no amulet)
HPRegen  0.11/turn              (no ring)
MPRegen  0.12/turn              (no ring)

@: very slightly contaminated
A: high mp 1
a: no special abilities


You were on level 4 of the Dungeon.
You were not hungry.

You visited 1 branch of the dungeon, and saw 4 of its levels.

You collected 212 gold pieces.

Inventory:

Hand Weapons
 g - a +0 club
 n - a +0 dagger of venom (weapon)
Armour
 a - a +0 robe (worn)
Magical Staves
 s - an uncursed staff of earth
Wands
 v - a wand of disintegration (5)
Scrolls
 b - 3 scrolls of teleportation
 f - a scroll of fear {unknown}
 h - a scroll of remove curse {unknown}
 i - 2 scrolls of magic mapping {unknown}
 p - a scroll of random uselessness
 t - a scroll of blinking {unknown}
 u - 2 scrolls of identify
 x - a scroll of immolation {unknown}
 y - a scroll of enchant weapon {unknown}
Potions
 d - 2 potions of heal wounds
 e - 2 potions of curing {unknown}
 j - a potion of resistance {unknown}
 k - 2 potions of invisibility
 l - a potion of magic {unknown}
 o - a potion of might {unknown}
 q - a potion of cancellation
 r - a potion of lignification {unknown}
 w - a potion of haste {unknown}
Comestibles
 c - 9 rations
 m - 2 chunks of flesh


   Skills:
 - Level 1.1 Fighting
 + Level 1.8 Dodging
 - Level 1.7 Stealth
 - Level 3.1 Spellcasting
 + Level 4.4 Conjurations
 * Level 1.3 Hexes


You had 3 spell levels left.
You knew the following spells:

 Your Spells              Type           Power        Failure   Level  Hunger
a - Magic Dart            Conj           ###.         2%          1    None
b - Searing Ray           Conj           ###...       3%          2    ##.....
c - Dazzling Spray        Conj/Hex       ###...       12%         3    ###....

Your spell library contained the following spells:

 Spells                   Type           Power        Failure   Level  Hunger
 Iskenderun's Mystic Bla  Conj           ###.....     22%         4    ####...
 Fulminant Prism          Conj/Hex       ###.......   36%         4    ####...
 Force Lance              Conj/Tloc      ##......     45%         4    ####...


Dungeon Overview and Level Annotations

Branches:
Dungeon (4/15)
 Temple: D:4-7


Innate Abilities, Weirdness & Mutations

You have an increased reservoir of magic. (+10% MP)


Message History

The orc barely misses you.
Casting: Dazzling Spray (safe; 12% risk of failure)
Confirm with . or Enter, or press ? or * to list all spells.
Aiming: Dazzling Spray (safe; 12% risk of failure)
Press: ? - help, Shift-Dir - straight line The spray of energy hits the orc priest!
The orc priest is heavily wounded.
The orc priest is dazzled.
The spray of energy hits the orc priest.
The orc priest is moderately wounded.
The orc priest is dazzled.
You hit the orc priest but do no damage.
The orc priest is poisoned.
The orc priest is moderately wounded.
The orc closely misses you. The orc priest closely misses you.
The orc barely misses you.
The orc priest is no longer blind.
The orc priest mumbles some strange prayers to Beogh against you.
Beogh smites you!
You die...

....................#
#.......................#
#.......................#
#.......................##
#.......................).
#.....................รท...
#.....)...........####'#..
#......oo.........+....#..
#.....oo.@........#..<.#..
#.................#....#..
#.................#....#..
#.................#....#..
#.................######..
############.....## .....#
.....#


You could see 2 orc priests and 2 orcs.

Vanquished Creatures
  A worker ant (D:2)
  6 adders
  A worm (D:3)
  2 dart slugs (D:3)
  2 leopard geckos (D:1)
  3 orcs
  2 giant cockroaches
  9 goblins
  7 hobgoblins
  4 jackals (D:1)
  4 kobolds
  8 bats
  3 frilled lizards (D:2)
  5 rats
57 creatures vanquished.

Notes
Turn   | Place    | Note
-------+----------+-------------------------------------------
     0 | D:1      | Folque the Demigod Conjurer began the quest for the Orb.
     0 | D:1      | Reached XP level 1. HP: 14/14 MP: 5/5
   577 | D:1      | Reached XP level 2. HP: 13/22 MP: 5/7
   604 | D:1      | Learned a level 2 spell: Searing Ray
  1383 | D:2      | Reached skill level 4 in Conjurations
  1390 | D:1      | Reached skill level 1 in Fighting
  1483 | D:2      | Reached XP level 3. HP: 19/28 MP: 7/9
  1497 | D:2      | Learned a level 3 spell: Dazzling Spray
  1976 | D:3      | Reached XP level 4. HP: 31/35 MP: 7/11
  2255 | D:3      | Found a shadowy altar of Dithmenos.
  2268 | D:3      | Reached skill level 1 in Hexes
  2652 | D:4      | Killed from afar by an orc priest

Skill      XL: |  1  2  3  4 |
---------------+-------------+-----
Spellcasting   | 2 3 |  3.1
Conjurations   | 4 |  4.4
Fighting       | 1 |  1.1
Hexes          | 1 |  1.3
Dodging        | |  1.8
Stealth        | |  1.7

Action                   |  1- 3 |  4- 6 || total
-------------------------+-------+-------++-------
Melee: Club              |    78 |       ||    78
       Unarmed           |     6 |       ||     6
       Dagger            |    42 |    28 ||    70
 Cast: Magic Dart        |    22 |     2 ||    24
       Searing Ray       |     3 |     3 ||     6
       Dazzling Spray    |       |     2 ||     2
  Use: Scroll            |     6 |       ||     6
 Stab: Sleeping          |     3 |     4 ||     7
  Eat: Chunk             |     4 |     2 ||     6
Armor: Robe              |    33 |    13 ||    46
Dodge: Dodged            |    94 |    22 ||   116
